 Dungeon Crawl Stone Soup version 0.23.2-40-g277498a001 (webtiles) character file.

Game seed: 11997253919906774707

690 DildoBatman the Conjurer (level 7, 0/46 HPs)
             Began as a Formicid Wizard on Sept 10, 2019.
             Was an Initiate of Kikubaaqudgha.
             Killed by divine providence
             ... invoked by an orc priest
              (13 damage)
             ... on level 6 of the Dungeon.
             The game lasted 00:16:50 (4572 turns).

DildoBatman the Conjurer (Formicid Wizard)          Turns: 4572, Time: 00:16:51

Health: 0/46       AC:  5    Str: 11    XL:     7   Next: 95%
Magic:  5/11       EV: 12    Int: 20    God:    Kikubaaqudgha [......]
Gold:   115        SH:  0    Dex:  9    Spells: 5/12 levels left

rFire    . . .     SeeInvis +   b - +0 hunting sling
rCold    . . .     Gourm    .   (no shield)
rNeg     . . .     Faith    .   j - +0 robe
rPois    .         Spirit   .   (helmet unavailable)
rElec    .         Reflect  .   I - +1 cloak
rCorr    .         Harm     .   (no gloves)
MR       .....                  w - +0 pair of boots
Stlth    ++........             (no amulet)
HPRegen  0.15/turn              (no ring)
MPRegen  0.12/turn              (no ring)

@: no status effects
A: permanent stasis, dig shafts and tunnels, four strong arms, antennae 3
a: Dig, Shaft Self, Renounce Religion


You were on level 6 of the Dungeon.
You worshipped Kikubaaqudgha.
Kikubaaqudgha was noncommittal.
You were near starving.

You visited 2 branches of the dungeon, and saw 7 of its levels.

You collected 215 gold pieces.
You spent 100 gold pieces at shops.

Inventory:

Hand Weapons
 a - a +2 dagger of draining
 b - a +0 hunting sling (weapon)
 d - a +4 hand axe
 e - a +0 spear
 k - a +0 vampiric whip
Missiles
 g - 206 stones (quivered)
 p - 81 bolts
 u - 26 poisoned needles
 y - 39 arrows
 J - 2 needles of sleeping
Armour
 j - a +0 robe (worn)
 w - a +0 pair of boots (worn)
 F - a +0 shield
 I - a +1 cloak (worn)
Wands
 A - a wand of flame (12)
 G - a wand of scattershot (1)
Scrolls
 f - 3 scrolls of enchant weapon
 m - 4 scrolls of amnesia
 q - 2 scrolls of enchant armour
 r - a scroll of noise
 x - 7 scrolls of remove curse
 B - a scroll of fear
 C - a scroll of magic mapping
 E - a scroll of fog {unknown}
Potions
 h - a potion of might {unknown}
 i - a potion of lignification {unknown}
 l - a potion of degeneration {unknown}
 n - 4 potions of curing
 o - 2 potions of heal wounds
 s - 2 potions of agility {unknown}
 t - a potion of berserk rage {unknown}
 D - a potion of haste {unknown}
 H - a potion of mutation {unknown}
Comestibles
 v - 11 rations


   Skills:
 - Level 1.7 Dodging
 - Level 2.4 Stealth
 - Level 3.2 Spellcasting
 - Level 6.0 Conjurations
   Level 1.0 Summonings
   Level 0.8 Translocations
 * Level 2.3 Fire Magic
 * Level 1.9 Air Magic
 * Level 3.3 Poison Magic


You had 5 spell levels left.
You knew the following spells:

 Your Spells              Type           Power        Failure   Level  Hunger
a - Conjure Flame         Conj/Fire      ###.....     8%          3    ###....
c - Magic Dart            Conj           ####         1%          1    None
e - Mephitic Cloud        Conj/Pois/Air  ###.....     9%          3    ###....

Your spell library contained the following spells:

 Spells                   Type           Power        Failure   Level  Hunger
 Call Imp                 Summ           #.......     14%         2    ##.....
 Slow                     Hex            #.......     22%         2    ##.....
 Blink                    Tloc           Unusable     N/A         2    N/A

Dungeon Overview and Level Annotations

Branches:
Dungeon (6/15)             Temple (1/1) D:6

Altars:
Ashenzari
Cheibriados
Dithmenos
Elyvilon
Fedhas
Gozag
Hepliaklqana
Kikubaaqudgha
Makhleb
Nemelex Xobeh
Okawaru
Qazlal
Ru
Sif Muna
Trog
Uskayaw
Vehumet
Wu Jian
Xom
Zin

Shops:
D:4 *


Innate Abilities, Weirdness & Mutations

You cannot be hasted, slowed, berserked, paralysed or teleported.
You can dig through walls and to a lower floor.
Your four strong arms can wield two-handed weapons with a shield.
You have a pair of large antennae on your head. (SInv)


Message History

Aiming: Mephitic Cloud (safe; 9% risk of failure)
Press: ? - help, Shift-Dir - straight line, f - orc priest
Aim: an orc priest, wielding a +0 club and wearing a +0 chain mail The ball explodes into a vile cloud!
The stinking cloud engulfs the orc priest but does no damage.
You hear a shout!
The orc priest is engulfed in noxious fumes.
Casting: Mephitic Cloud (safe; 9% risk of failure)
Confirm with . or Enter, or press ? or * to list all spells.
Aiming: Mephitic Cloud (safe; 9% risk of failure)
Press: ? - help, Shift-Dir - straight line, f/p - orc priest
Aim: an orc priest, wielding a +0 club and wearing a +0 chain mail (lightly wounded)
The ball explodes into a vile cloud!
The stinking cloud engulfs the orc priest but does no damage.
The orc priest is lightly wounded.
The orc priest is engulfed in noxious fumes.
The orc priest mumbles some strange prayers to Beogh against you.
Beogh smites you!
You die...
Kikubaaqudgha rasps: "You have failed me!
Welcome... death!"

≈≈ .. . .. .#..#.#
....#.# ##### .# ....#.#
... .. ....#.## ..# .#.#
..#....##########.##.#.#
.......>..<..○○.@......#
..#....#####.☼o##...#..##
......## #☼○#).#.#....#
.#####.# #..#..(.#..#.
##.## #...#....##..#
##.## #[.....>.....# #.##
#...##....#..# ##.##
#.o#..#....#.# ##.####
#.....#.#..# #


You could see an orc priest.

Vanquished Creatures
  An ice beast (D:5)
  A sky beast (D:5)
  An ogre (D:5)
  A howler monkey (D:4)
  A crimson imp (D:3)
  An orc priest (D:3)
  A hound (D:4)
  An orc wizard (D:4)
  A worker ant (D:3)
  6 adders
  7 gnolls
  3 oozes
  An adder skeleton (D:3)
  A worm (D:3)
  2 dart slugs (D:2)
  5 leopard geckos
  8 orcs
  A ball python (D:1)
  8 giant cockroaches
  10 goblins
  7 hobgoblins
  6 jackals
  6 quokkas
  7 bats
  3 frilled lizards
  8 kobolds
  2 quokka skeletons
  7 rats
107 creatures vanquished.

Notes
Turn   | Place    | Note
-------+----------+-------------------------------------------
     0 | D:1      | DildoBatman the Formicid Wizard began the quest for the
                  | Orb.
     0 | D:1      | Reached XP level 1. HP: 13/13 MP: 4/4
     4 | D:1      | Reached skill level 1 in Conjurations
   166 | D:1      | Reached XP level 2. HP: 19/19 MP: 0/6
   219 | D:1      | Reached skill level 2 in Conjurations
   362 | D:1      | Reached XP level 3. HP: 10/24 MP: 7/7
   367 | D:1      | Learned a level 3 spell: Conjure Flame
   371 | D:1      | Learned a level 3 spell: Mephitic Cloud
   769 | D:2      | Reached skill level 3 in Conjurations
   852 | D:2      | Reached XP level 4. HP: 28/30 MP: 4/8
  1257 | D:2      | Found a faded altar of an unknown god.
  1541 | D:3      | Reached skill level 4 in Conjurations
  1541 | D:3      | Reached XP level 5. HP: 35/35 MP: 6/9
  2194 | D:4      | Found Vef Baug's Assorted Antiques.
  2227 | D:4      | Reached skill level 5 in Conjurations
  2227 | D:4      | Reached XP level 6. HP: 41/41 MP: 3/10
  2378 | D:4      | Found a shadowy altar of Dithmenos.
  2378 | D:4      | Found a burning altar of Makhleb.
  2378 | D:4      | Found a bloodstained altar of Trog.
  3041 | D:5      | Entered Level 5 of the Dungeon
  3135 | D:5      | Noticed an ogre
  3287 | D:5      | Noticed a sky beast
  3305 | D:5      | Killed a sky beast
  3305 | D:5      | Reached skill level 6 in Conjurations
  3305 | D:5      | Reached skill level 1 in Fire Magic
  3305 | D:5      | Reached skill level 1 in Poison Magic
  3305 | D:5      | Reached XP level 7. HP: 42/46 MP: 9/11
  3380 | D:5      | Found an opulent altar of Gozag.
  3401 | D:5      | Reached skill level 1 in Air Magic
  3804 | D:4      | Bought a scroll labeled SIMUPH DOMU for 20 gold pieces
  3804 | D:4      | Bought a scroll labeled ZOEGIRR ACWO for 20 gold pieces
  3804 | D:4      | Bought a scroll labeled YTHRASTR XIPOM for 20 gold pieces
  3804 | D:4      | Bought a scroll of identify for 40 gold pieces
  3847 | D:6      | Found a staircase to the Ecumenical Temple.
  3855 | Temple   | Entered the Ecumenical Temple
  4023 | Temple   | Became a worshipper of Kikubaaqudgha
  4572 | D:6      | Killed from afar by an orc priest

Skill      XL: |  1  2  3  4  5  6  7 |
---------------+----------------------+-----
Conjurations   | 1 2 3 4 5 6 |  6.0
Fire Magic     | 1 2 |  2.3
Poison Magic   | 1 3 |  3.3
Air Magic      | 1 |  1.9
Dodging        | |  1.7
Stealth        | |  2.4
Spellcasting   | |  3.2
Summonings     | |  1.0
Translocations | |  0.8

Action                   |  1- 3 |  4- 6 |  7- 9 || total
-------------------------+-------+-------+-------++-------
Melee: Spear             |     6 |       |    45 ||    51
       Dagger            |    32 |    88 |    24 ||   144
       Hand axe          |       |       |    20 ||    20
 Fire: Hunting sling     |       |    68 |     1 ||    69
Throw: Stone             |       |       |     1 ||     1
 Cast: Magic Dart        |    49 |    63 |    24 ||   136
       Mephitic Cloud    |       |     7 |     9 ||    16
       Conjure Flame     |       |     2 |     6 ||     8
 Abil: Dig               |     1 |     1 |     5 ||     7
Evoke: Wand              |       |       |     9 ||     9
  Use: Scroll            |       |       |    10 ||    10
 Stab: Sleeping          |     1 |       |       ||     1
       Confused          |       |       |     1 ||     1
  Eat: Chunk             |       |     9 |     1 ||    10
       Ration            |       |       |     1 ||     1
Armor: Robe              |    11 |     8 |    18 ||    37
Dodge: Dodged            |    22 |    62 |    41 ||   125
